 Dungeon Crawl Stone Soup version 0.32-a0-918-g0f22ef8d61 (webtiles) character file.

Game seed: 989733663023097097

1179 jlumianski the Chopper (level 8, -5/60 HPs)
             Began as a Coglin Gladiator on Apr 11, 2024.
             Slain by a gnoll sergeant
             ... wielding a +0 spear
              (6 damage)
             ... on level 5 of the Dungeon.
             The game lasted 00:24:16 (4938 turns).

jlumianski the Chopper (Coglin Gladiator)           Turns: 4938, Time: 00:24:17

Health: -5/60      AC:  5    Str: 16    XL:     8   Next: 42%
Magic:  11/11      EV: 12    Int:  9    God:
Gold:   398        SH:  0    Dex: 15    Spells: 10/11 levels left

rFire   . . .        a - +0 war axe {Myungok}
rCold   . . .        v - +2 short sword (venom) {Ankherfenedjef}
rNeg    . . .        b - +0 leather armour
rPois   .            c - +0 helmet
rElec   .            n - +0 cloak
rCorr   .            (no gloves)
SInv    .            (no boots)
Will    .....        (amulet unavailable)
Stlth   ++           (ring unavailable)
HPRegen 0.30/turn    (ring unavailable)
MPRegen 0.12/turn    (no gizmo)

%: no passive effects
@: no status effects
A: off-hand wielding, slow wielding, warmup strikes, no jewellery
a: Invent Gizmo


You were on level 5 of the Dungeon.
You visited 1 branch of the dungeon, and saw 8 of its levels.

You collected 398 gold pieces.

Inventory:

Hand Weapons
 a - a +0 war axe (weapon) {Myungok}
 f - a +0 dagger {Zihan}
 k - a +0 club
 v - a +2 short sword of venom (offhand) {Ankherfenedjef}
Missiles
 d - 3 throwing nets
 g - 4 boomerangs
 p - 4 poisoned darts
 y - 2 atropa-tipped darts
Armour
 b - a +0 leather armour (worn)
 c - a +0 helmet (worn)
 j - a +0 ring mail
 n - a +0 cloak (worn)
 q - a +0 plate armour
 x - a +2 kite shield
Wands
 r - a wand of warping (12)
 A - a wand of flame (17)
Scrolls
 i - a scroll of noise
 o - 2 scrolls of immolation
 s - a scroll of fog
 t - 2 scrolls of identify
 w - 3 scrolls of teleportation
Potions
 h - a potion of enlightenment
 l - 2 potions of mutation
 m - a potion of brilliance
 z - a potion of magic


   Skills:
 * Level 4.2 Fighting
 + Level 2.3 Short Blades
 + Level 6.2 Axes
 + Level 2.3 Throwing
 + Level 3.1 Armour
 + Level 3.5 Dodging
 + Level 1.0 Stealth
 * Level 2.0 Spellcasting
 * Level 2.7 Alchemy


You had 10 spell levels left.
You knew the following spells:

 Your Spells              Type           Power      Damage    Failure   Level
a - Sting                 Conj/Alch      12%        1d3       22%         1

Your spell library contained the following spells:

 Spells                   Type           Power      Damage    Failure   Level
 Mercury Vapours          Alch/Air       6%         N/A       34%         2
 Jinxbite                 Hex            0%         N/A       52%         2
 Olgreb's Toxic Radiance  Alch           5%         N/A       78%         4
 Yara's Violent Unravell  Hex/Alch       1%         3d3       99%         5
 Enfeeble                 Hex            0%         N/A       100%        7


Dungeon Overview and Level Annotations

Branches:
Dungeon (8/15)             Temple (0/1) D:7
   Lair: D:8-11

Altars:
Cheibriados
Elyvilon

Annotations:
D:3 1 runed translucent door, swap's ghost, amateur FoFi


Innate Abilities, Weirdness & Mutations

You can wield a second weapon in your off-hand.
It takes a long time for you to wield or remove held weapons.
Your first few attacks do less damage.
You cannot equip rings or amulets.


Message History

The kobold hits you but does no damage.
You feel sick. The kobold attacks as it pursues you! The kobold misses you.
The gnoll sergeant hits you from afar with a +0 spear.
The kobold hits you but does no damage.
You feel sick.
You feel sick. The kobold misses you.
You feel sick.
You are no longer poisoned.
The gnoll sergeant hits you but does no damage.
Throw: javelin
Press: ? - help, Q - select action, (/) - cycle Shift-Dir - straight line, f - gnoll sergeant
Aim: a gnoll sergeant, wielding a +0 spear and wearing a +0 ring mail (67% to hit)
You throw a javelin.
The javelin pierces through the gnoll sergeant but does no damage.
The javelin pierces through the gnoll.
The gnoll is heavily wounded.
The javelin pierces through the gnoll!
The gnoll is severely wounded.
The javelin pierces through the kobold!
You kill the kobold!
The gnoll sergeant hits you from afar with a +0 spear!
The gnoll sergeant hits you from afar with a +0 spear.
* * * LOW HITPOINT WARNING * * *
You feel yourself speed up. The gnoll sergeant closely misses you.
The gnoll hits you from afar with a +0 spear.
* * * LOW HITPOINT WARNING * * *
You hit the gnoll sergeant with your +2 short sword of venom.
The gnoll sergeant is poisoned.
The gnoll sergeant is lightly wounded.
You hit the gnoll sergeant but do no damage.
The gnoll sergeant hits you with a +0 spear!
* * * LOW HITPOINT WARNING * * *
The gnoll barely misses you.
Okay, then.
The gnoll sergeant hits you from afar with a +0 spear.
* * * LOW HITPOINT WARNING * * *
The gnoll sergeant attacks as it pursues you!
The gnoll sergeant hits you from afar with a +0 spear.
You die...

#.......# #.......#
#...~~~.#
############.#~≈≈≈~##
#..........#.#~≈.≈~..
#..........#.#~≈~≈~..
#
#..........#...~~~...
.##
#..........#...#_#...
...
#..........#@..###...
....#..........#.###
.. ....#..........#g#
....'..........#.#
#####..........#g#
#..........#g#
###..........#.#
#..........###)#
#)######.#gg..(#


You could see a gnoll sergeant (very poisoned) and 2 gnolls.

Vanquished Creatures
  A water moccasin (D:4)
  3 ice beasts
  2 ogres
  2 scorpions
  A howler monkey (D:5)
  2 jellies
  An orc priest (D:4)
  A sleepcap (D:4)
  2 iguanas (D:5)
  Natasha (thrice) (D:2)
  Robin (D:3)
  8 gnolls
  4 adders
  A white imp (D:5)
  3 dart slugs
  7 orcs (D:4)
  8 endoplasms
  3 giant cockroaches
  16 hobgoblins
  2 jackals (D:1)
  2 quokkas (D:1)
  5 ball pythons
  6 bats
  A frilled lizard (D:1)
  11 goblins
  6 kobolds
  3 rats
105 creatures vanquished.

Notes
Turn   | Place    | Note
-------+----------+-------------------------------------------
     0 | D:1      | jlumianski the Coglin Gladiator began the quest for the
                  | Orb.
     0 | D:1      | Reached XP level 1. HP: 16/16 MP: 1/1
   232 | D:1      | Reached XP level 2. HP: 22/22 MP: 2/2
   713 | D:1      | Reached XP level 3. HP: 27/27 MP: 3/3
  1100 | D:2      | Noticed Natasha
  1112 | D:2      | Killed Natasha
  1113 | D:2      | Reached skill level 4 in Axes
  1113 | D:2      | Reached XP level 4. HP: 22/34 MP: 4/4
  1354 | D:3      | Found a runed translucent door.
  1357 | D:3      | Noticed swap's ghost (amateur FoFi)
  1440 | D:2      | Noticed Natasha
  1555 | D:2      | Killed Natasha
  1657 | D:2      | Reached skill level 1 in Armour
  1657 | D:2      | Reached XP level 5. HP: 24/39 MP: 5/5
  1897 | D:2      | Noticed Natasha
  1944 | D:2      | Killed Natasha
  2254 | D:2      | Learned a level 1 spell: Sting
  2535 | D:3      | Noticed Robin
  2545 | D:3      | Killed Robin
  2546 | D:3      | Reached skill level 5 in Axes
  2675 | D:3      | Reached XP level 6. HP: 44/46 MP: 6/6
  3187 | D:4      | Reached skill level 1 in Short Blades
  3195 | D:5      | Entered Level 5 of the Dungeon
  3195 | D:5      | Noticed a water moccasin
  3210 | D:4      | Killed a water moccasin
  3211 | D:4      | Reached skill level 1 in Spellcasting
  3211 | D:4      | Reached skill level 1 in Alchemy
  3211 | D:4      | Reached XP level 7. HP: 19/52 MP: 6/8
  3218 | D:4      | HP: 3/78 [orc/+0 whip (2)]
  4355 | D:5      | Reached XP level 8. HP: 51/60 MP: 10/10
  4434 | D:5      | Reached skill level 1 in Stealth
  4569 | D:5      | Reached skill level 6 in Axes
  4633 | D:5      | Found a snail-covered altar of Cheibriados.
  4689 | D:5      | Found a white marble altar of Elyvilon.
  4876 | D:5      | You fall into a shaft and drop 3 floors!
  4936 | D:5      | HP: 1/60 [gnoll sergeant/+0 spear (5)]
  4938 | D:5      | Slain by a gnoll sergeant

Illustrated notes

Levels and vault maps discovered:
D:1:      matt_arrival_spirals, layout_basic, minmay_close_crescents
D:2:      layout_basic, kennysheep_path_1, guppyfry_early_lair_pool,
          uniq_natasha
D:3:      layout_rooms, gammafunk_ghost_grave, uniq_robin
D:4:      layout_loops_ring
D:5:      layout_basic, kennysheep_slug_shrine, nicolae_overflow_crystal_walls,
          kennysheep_generic_room_8, uniq_menkaure
D:6:      layout_basic, nicolae_uskayaw_dance_studio,
          nemelex_diamond_rough_becter, overflow_temple_1_default,
          nicolae_letterblocks [nicolae_letter_subblock,
          nicolae_letter_subblock, nicolae_letter_subblock,
          nicolae_letter_subblock, nicolae_letter_subblock,
          nicolae_letter_subblock, nicolae_letter_subblock,
          nicolae_letter_subblock, nicolae_letter_subblock,
          nicolae_letter_subblock, nicolae_letter_subblock,
          nicolae_letter_subblock, nicolae_letter_subblock,
          nicolae_letter_subblock, nicolae_letter_subblock,
          nicolae_letter_subblock, nicolae_letter_subblock,
          nicolae_letter_subblock, nicolae_letter_subblock,
          nicolae_letter_subblock, nicolae_letter_subblock,
          nicolae_letter_subblock, nicolae_letter_subblock,
          nicolae_letter_subblock, nicolae_letter_subblock], uniq_pikel,
          uniq_duvessa
D:7:      layout_loops_ring, tgw_fedhas, mainiacjoe_overflow_chevrons,
          minmay_temple_entry_butterflies, minmay_shop_enchanted_jewellery
D:8:      layout_loops_cross, overflow_temple_1_default, kennysheep_mini_moat

Skill      XL: |  1  2  3  4  5  6  7  8 |
---------------+-------------------------+-----
Throwing       | 2 |  2.3
Dodging        | 3 |  3.5
Axes           | 4 5 6 |  6.2
Armour         | 1 2 3 |  3.1
Short Blades   | 1 2 |  2.3
Fighting       | 3 4 |  4.2
Spellcasting   | 1 2 |  2.0
Alchemy        | 1 2 |  2.7
Stealth        | 1 |  1.0

Action                     |  1- 3 |  4- 6 |  7- 9 || total
---------------------------+-------+-------+-------++-------
  Melee: War axe           |    72 |   100 |    77 ||   249
         Dagger            |    64 |    69 |       ||   133
         Short sword       |       |    22 |    76 ||    98
  Throw: Dart              |       |     5 |       ||     5
         Boomerang         |       |       |    10 ||    10
         Javelin           |       |       |     1 ||     1
    Use: Scroll            |       |     7 |     3 ||    10
         Potion            |       |     2 |     1 ||     3
   Stab: Sleeping          |     1 |       |       ||     1
 Armour: Leather armour    |    30 |    61 |    52 ||   143
         Ring mail         |     6 |       |       ||     6
         Skin              |       |       |     4 ||     4
  Dodge: Dodged            |    38 |    50 |    50 ||   138

Table legend: (Time is in decaauts)
 A = Elapsed time spent in this place.
 B = Non-inter-level travel time spent in this place.
 C = Inter-level travel time spent in this place.
 D = Time resting spent in this place.
 E = Time spent auto-exploring this place.
 F = Levels seen in this place.
 G = Mean time per level.
                   A        B        C        D        E       F      G
               +--------+--------+--------+--------+--------+-----+--------+
         Total |   5006 |   4939 |     67 |    802 |   2297 |   8 |  625.8 |
       Dungeon |   5006 |   4939 |     67 |    802 |   2297 |   8 |  625.8 |
               +--------+--------+--------+--------+--------+-----+--------+

Top non-repeatable levels by time:
     D:2: 1434 daAuts
     D:4: 1118 daAuts
     D:1: 996 daAuts
     D:3: 784 daAuts
     D:5: 624 daAuts
     D:7: 24 daAuts
     D:8: 17 daAuts
     D:6: 5 daAuts
